Map: Ice and Chrome LE

Players

Garitos

  • Race: Zerg Zerg
  • League: Grandmaster
  • Spawn Location: 1:00

ShoWTimE - Winner!

  • Race: Protoss Protoss
  • League: Grandmaster
  • Spawn Location: 7:00

Event: DreamHack SC2 Masters 2020 Fall

VOD

Have the link to the VOD?

Description

Time

  • Played on: Sept. 1, 2020, 2:14 p.m.
  • Length: 3:29

All games in this series

Show
View Real Time Build Order
Export as new Build Order

Garitos Zerg 

Build Orders: Hatch First 

Get SALT Encoding   

  12  0:00  Drone  
  13  0:09  Drone  
  13  0:12  Extractor  
  13  0:14  Drone  
  15  0:39  Hatchery  
  14  0:43  Extractor  
  14  0:44  Drone  
  14  0:59  Spawning Pool  
  13  1:08  Overlord  
  13  1:14  Drone  
  14  1:21  Extractor  
  14  1:22  Drone  
  15  1:39  Drone  
  16  1:46  Zergling x2  
  17  1:47  Metabolic Boost  
  17  1:50  Zergling x2  
  17  1:52  Zergling x4  
  20  2:02  Zergling x2  
  20  2:03  Zergling x2  
  22  2:12  Zergling x2  
  22  2:13  Queen  
  25  2:18  Zergling x2  
  26  2:23  Zergling x2  
  26  2:29  Zergling x2  
  28  2:39  Overlord  
  28  2:41  Extractor  
  28  2:42  Zergling x2  
  27  3:04  Zergling x4  
  27  3:08  Zergling x4  
  27  3:10  Zergling x4  
Show
View Real Time Build Order
Export as new Build Order

ShoWTimE Protoss - Winner!

Build Orders: 1 Gate Expand 

Get SALT Encoding   

  12  0:00  Probe  
  13  0:12  Probe  
  14  0:17  Pylon  
  14  0:24  Probe (Chrono Boost)  
  15  0:36  Probe (Chrono Boost)  
  15  0:38  Gateway  
  16  0:44  Probe (Chrono Boost)  
  16  0:45  Assimilator  
  17  0:50  Probe  
  18  1:03  Probe  
  19  1:15  Probe  
  20  1:25  Cybernetics Core  
  20  1:33  Nexus  
  20  1:36  Probe  
  21  1:43  Pylon  
  21  1:48  Probe  
  21  1:51  Assimilator  
  22  1:59  Adept (Chrono Boost)  
  22  2:00  Probe  
  25  2:12  Probe  
  26  2:18  Stargate  
  26  2:20  Adept (Chrono Boost)  
  26  2:24  Probe  
  29  2:31  Shield Battery  
  28  2:37  Probe  
  28  2:42  Adept  
  31  2:46  Probe  
  31  2:50  Probe  
  34  3:00  Shield Battery  
  38  3:23  Pylon  

Tags
 
Add a new tag
Caveats
  • Supply blocks, unpowered buildings, or Contaminate may cause inaccurate times.
  • Supply counts are checked every 10 seconds.